 Dungeon Crawl Stone Soup version 0.28.0 (webtiles) character file.

Game seed: 8788811087254300463

14 Jango00 the Skirmisher (level 2, -2/40 HPs)
             Began as a Hill Orc Abyssal Knight on Feb 11, 2022.
             Was a Follower of Lugonu.
             Slain by a worm (6 damage)
             ... on level 2 of the Dungeon.
             The game lasted 00:09:46 (1295 turns).

Jango00 the Skirmisher (Hill Orc Abyssal Knight)    Turns: 1295, Time: 00:09:47

Health: -2/40      AC: 21    Str: 15    XL:     2   Next: 45%
Magic:  4/4        EV:  2    Int: 10    God:    Lugonu [*.....]
Gold:   11         SH:  0    Dex: 11    Spells: 1/1 levels left

rFire   . . .      SeeInvis .   a - +1 hand axe
rCold   . . .      Faith    .   (no shield)
rNeg    . . .      Spirit   .   (armour currently unavailable)
rPois   +          Reflect  .   (helmet currently unavailable)
rElec   .          Harm     .   (cloak currently unavailable)
rCorr   .          Rampage  .   (gloves currently unavailable)
Will    .....      NoTele   +   (boots currently unavailable)
Stlth   +.........              (no amulet)
HPRegen 0.13/turn               (no ring)
MPRegen 0.09/turn               (no ring)

@: tree-form (expiring)
A: stationary, stasis, torment immunity, boosted hp
a: Renounce Religion, Depart the Abyss


You were on level 2 of the Dungeon.
You worshipped Lugonu.
Lugonu was aware of your devotion.
You were a tree.
You visited 1 branch of the dungeon, and saw 2 of its levels.
You visited the Abyss 1 time.

You collected 11 gold pieces.

Inventory:

Hand Weapons
 a - a +1 hand axe (weapon)
 e - a +1 dagger of speed
Armour
 b - a +0 leather armour
 c - a +0 leather armour (melded)


   Skills:
 + Level 3.8 Fighting
 + Level 3.2 Axes
 + Level 2.3 Armour
 + Level 0.8 Dodging
 + Level 3.0 Invocations


You had one spell level left.
You didn't know any spells.
Your spell library contained the following spells:

 Spells                   Type           Power      Damage    Failure   Level
 Inner Flame              Hex/Fire       0%         N/A       75%         3
 Cause Fear               Hex            0%         N/A       98%         4
 Discord                  Hex            0%         N/A       100%        8


Dungeon Overview and Level Annotations

Branches:
Dungeon (2/15)

Altars:


Message History

You cannot move.
You cannot move.
You cannot move.
You cannot move.
You cannot move.
You cannot move.
You cannot move.
You cannot move.
You cannot move.
You cannot move.
Unknown command.
Unknown command.
Unknown command.
Okay, then.
The bat hits you but does no damage. x2
The bat hits you but does no damage. x3
The bat hits you.
* * * LOW HITPOINT WARNING * * *
The bat hits you but does no damage. The worm bites you but does no damage.
The bat hits you but does no damage. The worm bites you.
* * * LOW HITPOINT WARNING * * *
The bat hits you but does no damage. The bat barely misses you.
The bat completely misses you. The worm bites you but does no damage.
The bat hits you but does no damage. The bat hits you but does no damage.
The worm bites you but does no damage. The bat hits you but does no damage.
The worm bites you but does no damage. The bat barely misses you.
The worm bites you but does no damage. The bat hits you but does no damage.
The bat hits you but does no damage. The bat hits you but does no damage.
The worm bites you but does no damage. The bat hits you but does no damage.
The worm bites you but does no damage. The bat hits you but does no damage.
The bat barely misses you. The bat hits you but does no damage.
The worm bites you but does no damage. The bat hits you but does no damage.
The bat hits you.
* * * LOW HITPOINT WARNING * * *
The worm barely misses you. The bat hits you but does no damage.
Your transformation is almost over.
The bat hits you but does no damage. The worm bites you.
You die...

#.....#.###.##.....##
#.....#..............
#.....######.#.....#
####### #.#.....#
#.#.....#
######.......#
........#.####
######....#
########..♣.#
.........wb.#
#######.....###
####........#
+......#.##.#
####.#!#.# #
........#.#>.
..............
...............


You could see a worm and a bat.

Vanquished Creatures
  A worm (D:2)
  A bat (D:1)
  An endoplasm (D:1)
  2 goblins (D:1)
  2 hobgoblins (D:1)
  A quokka (D:2)
  A kobold (D:1)
  2 rats (D:1)
11 creatures vanquished.

Notes
Turn   | Place    | Note
-------+----------+-------------------------------------------
     0 | Abyss:1  | Jango00 the Hill Orc Abyssal Knight began the quest for the
                  | Orb.
     0 | Abyss:1  | Reached XP level 1. HP: 19/19 MP: 2/2
    76 | Abyss:2  | Found a corrupted altar of Lugonu.
   101 | Abyss:2  | Noticed an eight-headed hydra zombie
   106 | Abyss:2  | Noticed a worldbinder
   107 | D:1      | Escaped the Abyss
   821 | D:1      | Reached XP level 2. HP: 16/27 MP: 4/4
  1246 | D:2      | Reached * piety under Lugonu
  1295 | D:2      | Slain by a worm

Illustrated notes

Levels and vault maps discovered:
D:1:      erik_arrival_orb_chamber, layout_loops_ring, minivault_27
D:2:      layout_basic, ebering_ecumenical_altar_sacrificial

Skill      XL: |  1  2 |
---------------+-------+-----
Axes           | 3 |  3.2
Invocations    | 3 |  3.0
Fighting       | |  3.8
Armour         | |  2.3
Dodging        | |  0.8

Action                   || total
-------------------------++-------
Melee: Hand axe          ||    49
       Punch             ||     1
Invok: Depart the Abyss  ||     1
  Use: Potion            ||     1
Armor: Leather armour    ||    17
       Skin              ||    29
Dodge: Dodged            ||    37
